 Dungeon Crawl Stone Soup version 0.26-a0-639-g72c4674329 (webtiles) character file.

Game seed: 15990148749082593565

3416 Flugslaktarn the Cleaver (level 9, -1/129 HPs)
             Began as a Deep Dwarf Fighter on Sept 26, 2020.
             Was a Believer of Makhleb.
             Slain by a 13-headed hydra (10 damage)
             ... on level 7 of the Dungeon.
             The game lasted 00:02:32 (4145 turns).

Flugslaktarn the Cleaver (Deep Dwarf Fighter)       Turns: 4145, Time: 00:02:33

Health: -1/129     AC: 14    Str: 22    XL:     9   Next: 76%
Magic:  6/6        EV:  6    Int:  8    God:    Makhleb [**....]
Gold:   358        SH: 11    Dex: 14    Spells: 8/8 levels left

rFire    . . .     SeeInvis .   a - +0 war axe
rCold    . . .     Faith    .   c - +0 kite shield
rNeg     . . .     Spirit   .   A - +0 chain mail
rPois    .         Reflect  .   (no helmet)
rElec    .         Harm     .   p - +0 cloak
rCorr    .         Rampage  .   y - +0 pair of gloves
MR       +....                  z - +0 pair of boots
Stlth    ..........             (no amulet)
HPRegen  0.00/turn              (no ring)
MPRegen  0.10/turn              (no ring)

@: mighty, berserking (expiring), non-regenerating, very quick
A: damage resistance, heal wounds, sense surroundings 2, no regeneration
a: Heal Wounds, Minor Destruction, Renounce Religion


You were on level 7 of the Dungeon.
You worshipped Makhleb.
Makhleb was pleased with you.
You visited 2 branches of the dungeon, and saw 8 of its levels.

You collected 358 gold pieces.

Inventory:

Hand Weapons
 a - a +0 war axe (weapon)
Armour
 b - a +0 scale mail
 c - a +0 kite shield (worn)
 p - a +0 cloak (worn)
   (You found it on level 4 of the Dungeon)
 y - a +0 pair of gloves (worn)
   (You found it on level 6 of the Dungeon)
 z - a +0 pair of boots (worn)
   (You found it on level 6 of the Dungeon)
 A - a +0 chain mail (worn)
   (You found it on level 7 of the Dungeon)
Jewellery
 k - an uncursed ring of magical power {unknown}
   (You found it on level 4 of the Dungeon)
 v - a +6 ring of dexterity {unknown}
   (You found it on level 5 of the Dungeon)
Wands
 j - a wand of enslavement (8)
   (You found it on level 4 of the Dungeon)
Scrolls
 f - a scroll of immolation {unknown}
 g - 2 scrolls of enchant armour {unknown}
 i - a scroll of random uselessness {unknown}
 n - 6 scrolls of identify {unknown}
 r - a scroll of fear {unknown}
 t - a scroll of torment {unknown}
 u - a scroll of magic mapping {unknown}
 w - 3 scrolls of remove curse {unknown}
Potions
 e - a potion of mutation {unknown}
 h - a potion of berserk rage
 l - 2 potions of brilliance {unknown}
 m - 2 potions of heal wounds {unknown}
 o - 3 potions of curing
 q - a potion of invisibility {unknown}
 s - a potion of magic {unknown}
 x - a potion of lignification {unknown}
 B - a potion of flight {unknown}


   Skills:
 * Level 7.4 Fighting
 * Level 8.5 Axes
 + Level 6.7 Armour
 + Level 6.7 Shields
 + Level 6.0 Invocations


You had 8 spell levels left.
You didn't know any spells.
Your spell library was empty.

Dungeon Overview and Level Annotations

Branches:
Dungeon (7/15)             Temple (1/1) D:4

Altars:
Ashenzari
Cheibriados
Dithmenos
Fedhas
Gozag
Hepliaklqana
Kikubaaqudgha
Makhleb
Nemelex Xobeh
Okawaru
Qazlal
Ru
Trog
Uskayaw
Wu Jian
Xom
Yredelemnul
Zin
The Shining One


Innate Abilities, Weirdness & Mutations

You are resistant to damage.
You can heal yourself by infusing magical energy.
You passively map the area around you.
You do not regenerate.


Message History

You block the 12-headed hydra's attack. x2
The 12-headed hydra bites you but does no damage.
The 12-headed hydra bites you.
* * * LOW HITPOINT WARNING * * *
The 12-headed hydra bites you.
* * * LOW HITPOINT WARNING * * *
The 12-headed hydra bites you!
* * * LOW HITPOINT WARNING * * *
You block the 12-headed hydra's attack. The 12-headed hydra bites you.
* * * LOW HITPOINT WARNING * * *
The 12-headed hydra bites you but does no damage. x2
The 12-headed hydra bites you!
* * * LOW HITPOINT WARNING * * *
The 12-headed hydra bites you but does no damage.
You are too injured to fight recklessly!
You lop one of the 12-headed hydra's heads off!
The 11-headed hydra grows two more!
You slash the 13-headed hydra!
The 13-headed hydra is moderately wounded.
You block the 13-headed hydra's attack. The 13-headed hydra bites you!
You die... #..#.)#).# *,* * ##...##...# #..#.###.#*, ...* *#..##.#.... ##..#..)..# , $#. ###...#.... ....#.###[# .O. ,*#..##.#.... .##.#..#..# ,#z# ##...##.... .#..###'### ##T## ###'###.... ...##..#(.##*, cya,

##.....##... ..##..#.#..## #D#
##..#.#..##..
.##..#)).#..####@####..##.##..##.
.#..#..#..#..#..)..#..#.....#..#.
.#.#..#.#..#.#.##.##.##..)..##.#.
.##..#...#..#'##)###...........#.
.#.#..#.#..#.##.##.#.##.....##.#.
.#..#..#..#..#.....#..#..)..#..#.
.##..#...#..#########..##.##..##.
..##..#.#..##.......##..#.#..##..
...##..#..##..<......##.....##...


You could see a 13-headed hydra, a troll, an ogre, a centaur, a worker ant, a
killer bee and a wight.

Vanquished Creatures
  A manticore (D:7)
  Menkaure (D:4)
  A sky beast (D:7)
  3 ice beasts
  A phantom (D:7)
  7 ogres
  2 centaurs (D:7)
  2 big kobolds (D:7)
  Blork the orc (D:6)
  2 bullfrogs
  2 scorpions (D:6)
  6 killer bees (D:7)
  A wight (D:7)
  A howler monkey (D:5)
  A jelly (D:7)
  4 orc priests (D:7)
  5 hounds
  4 iguanas
  10 orc wizards
  4 worker ants
  2 hound skeletons
  A worker ant zombie (D:7)
  A howler monkey skeleton (D:2)
  6 adders
  2 shadow imps (D:7)
  3 white imps
  An ooze (D:7)
  An adder skeleton (D:6)
  A worm (D:2)
  4 leopard geckos
  15 orcs
  A bat (D:2)
  3 giant cockroaches
  2 goblins (D:2)
  2 hobgoblins (D:2)
  11 jackals (D:6)
  3 kobolds
  2 quokkas (D:4)
  4 frilled lizards
  A leopard gecko skeleton (D:4)
  3 rats
128 creatures vanquished.

Notes
Turn   | Place    | Note
-------+----------+-------------------------------------------
     0 | D:1      | Flugslaktarn the Deep Dwarf Fighter began the quest for the
                  | Orb.
     0 | D:1      | Reached XP level 1. HP: 20/20 MP: 1/1
   116 | D:2      | Reached XP level 2. HP: 24/27 MP: 2/2
   216 | D:2      | Reached XP level 3. HP: 23/34 MP: 3/3
   380 | D:2      | Reached skill level 3 in Axes
   491 | D:4      | Reached XP level 4. HP: 31/42 MP: 3/3
   546 | D:4      | Reached XP level 5. HP: 49/50 MP: 3/3
   596 | D:4      | Found a staircase to the Ecumenical Temple.
   602 | D:4      | Reached skill level 4 in Axes
   642 | Temple   | Entered the Ecumenical Temple
   731 | Temple   | Became a worshipper of Makhleb the Destroyer
  1103 | D:4      | Noticed Menkaure
  1112 | D:4      | Killed Menkaure
  1112 | D:4      | Reached skill level 1 in Invocations
  1112 | D:4      | Reached XP level 6. HP: 29/57 MP: 4/4
  1122 | D:4      | Found a shimmering altar of Xom.
  1352 | D:4      | Reached XP level 7. HP: 47/66 MP: 5/5
  1365 | D:4      | Found a snail-covered altar of Cheibriados.
  1371 | D:4      | Found a stormy altar of Qazlal.
  1394 | D:4      | Reached skill level 5 in Axes
  1913 | D:5      | Entered Level 5 of the Dungeon
  1969 | D:5      | Found an iron altar of Okawaru.
  2231 | D:5      | Reached skill level 5 in Fighting
  2637 | D:6      | Reached skill level 5 in Shields
  2714 | D:6      | Reached skill level 5 in Armour
  2862 | D:6      | Reached * piety under Makhleb
  2903 | D:6      | Reached XP level 8. HP: 60/75 MP: 5/5
  2935 | D:6      | Reached skill level 6 in Axes
  3049 | D:6      | Noticed Blork the orc
  3070 | D:6      | Killed Blork the orc
  3348 | D:7      | Reached skill level 7 in Axes
  3482 | D:7      | Gained mutation: You passively map the area around you.
                  | [Deep Dwarf growth]
  3482 | D:7      | Reached XP level 9. HP: 56/85 MP: 5/5
  3515 | D:7      | Reached skill level 5 in Invocations
  3537 | D:7      | Reached ** piety under Makhleb
  3994 | D:7      | Reached skill level 8 in Axes
  4122 | D:7      | Noticed a troll
  4122 | D:7      | Noticed a manticore
  4123 | D:7      | Noticed a six-headed hydra
  4131 | D:7      | Killed a manticore
  4145 | D:7      | Slain by a 13-headed hydra

Illustrated notes

Levels and vault maps discovered:
D:1:      dpeg_arrival_rhombus, layout_loops_corners
D:2:      layout_basic, kennysheep_donut
D:3:      layout_rooms, minitemple
D:4:      layout_basic, lemuel_doored_altar, lemuel_coloured_pillars_altar,
          temple_statues, serial_rivers, chequers_serial_rivers_room_a,
          chequers_serial_rivers_micro_e, chequers_serial_rivers_small_3,
          chequers_serial_rivers_small_3, chequers_serial_rivers_micro_d,
          cheibriados_altar_1, uniq_menkaure
D:5:      layout_basic, okawaru_metal_pillars_1_2
D:6:      layout_basic, hangedman_decor_push, kennysheep_generic_room_8,
          uniq_blork_the_orc
D:7:      minmay_the_grid_octo_tiled_octocenter [minmay_the_grid_octo_horde,
          minmay_the_grid_octo_tetromino_candy, minmay_the_grid_octo_chip,
          minmay_the_grid_octo_thin_diamonds,
          minmay_the_grid_octo_prize_square_snowflake,
          minmay_the_grid_square_5x5_v, minmay_the_grid_square_5x5_one_wall,
          minmay_the_grid_square_5x5_bracketed, minmay_the_grid_square_5x5_n],
          layout_rooms, st_stairs_3
Temple:   lightli_temple_of_artemis

Skill      XL: |  1  2  3  4  5  6  7  8  9 |
---------------+----------------------------+-----
Fighting       | 3 4 5 6 7 |  7.4
Axes           | 3 4 5 7 8 |  8.5
Shields        | 4 5 6 |  6.7
Armour         | 4 5 6 |  6.7
Invocations    | 1 2 3 4 6 |  6.0

Action                   |  1- 3 |  4- 6 |  7- 9 || total
-------------------------+-------+-------+-------++-------
Melee: War axe           |    58 |    67 |   438 ||   563
 Abil: Heal Wounds       |     1 |     6 |    13 ||    20
  Use: Potion            |       |       |     3 ||     3
Armor: Scale mail        |    28 |    32 |   147 ||   207
       Chain mail        |       |       |    64 ||    64
Dodge: Dodged            |    20 |    21 |   133 ||   174
Block: Kite shield       |    24 |    37 |   240 ||   301

Table legend: (Time is in decaauts)
 A = Elapsed time spent in this place.
 B = Non-inter-level travel time spent in this place.
 C = Inter-level travel time spent in this place.
 D = Time resting spent in this place.
 E = Time spent auto-exploring this place.
 F = Levels seen in this place.
 G = Mean time per level.
                   A        B        C        D        E       F      G
               +--------+--------+--------+--------+--------+-----+--------+
         Total |   4313 |   4046 |    267 |      0 |   2960 |   8 |  539.1 |
       Dungeon |   4203 |   3956 |    247 |      0 |   2874 |   7 |  600.4 |
        Temple |    109 |     90 |     19 |      0 |     86 |   1 |  109.0 |
               +--------+--------+--------+--------+--------+-----+--------+

Top non-repeatable levels by time:
     D:4: 1403 daAuts
     D:7: 910 daAuts
     D:6: 745 daAuts
     D:5: 671 daAuts
     D:2: 320 daAuts
     D:1: 111 daAuts
  Temple: 109 daAuts
     D:3: 40 daAuts
